 Dungeon Crawl Stone Soup version 0.29.0-15-g675c0067aa (webtiles) character file.

Game seed: 1961343082737385179

11754 runemasterragnar the Fighter (level 11, -1/94 HPs)
             Began as a Yellow Draconian Transmuter on Sept 12, 2022.
             Was an Elder of Sif Muna.
             Killed from afar by an electric eel (8 damage)
             ... with a bolt of electricity
             ... on level 12 of the Dungeon.
             The game lasted 00:28:12 (15186 turns).

runemasterragnar the Fighter (DrTm)                Turns: 15186, Time: 00:28:14

Health: -1/94      AC:  7    Str: 13    XL:     11   Next: 53%
Magic:  21/21      EV: 29    Int: 17    God:    Sif Muna [****..]
Gold:   666        SH:  0    Dex: 12    Spells: 8/24 levels left

rFire   + . .      SeeInvis .     - Unarmed
rCold   . . .      Faith    .   (no shield)
rNeg    . . .      Spirit   .   (body armour unavailable)
rPois   .          Reflect  .   (helmet restricted)
rElec   .          Harm     .   (no cloak)
rCorr   +          Rampage  .   (no gloves)
Will    +....                   (no boots)
Stlth   +.........              F - amulet of the acrobat
HPRegen 0.25/turn               e - ring of protection from fire
MPRegen 0.17/turn               B - ring of willpower

@: short of breath, engulfed (cannot breathe), acrobatic
A: spit acid, AC +7, unfitting armour, cold-blooded, acid resistance
a: Breathe Acid, Renounce Religion, Channel Magic, Forget Spell, Divine Exegesis


You were on level 12 of the Dungeon.
You worshipped Sif Muna.
Sif Muna was greatly pleased with you.
You visited 1 branch of the dungeon, and saw 12 of its levels.
You also visited: Sewer.

You collected 666 gold pieces.

Inventory:

Armour
 s - a +0 cloak
 D - an orb of mayhem
Jewellery
 e - a ring of protection from fire (left hand)
 g - an amulet of guardian spirit
 j - a ring of flight
 w - a ring of protection from fire
 x - a ring of resist corrosion
 B - a ring of willpower (right hand)
 F - an amulet of the acrobat (around neck)
 H - a ring of willpower
Wands
 l - a wand of mindburst (3)
 q - a wand of paralysis (8)
 A - a wand of flame (7)
 C - a wand of roots (5)
 G - a wand of acid (4)
Scrolls
 h - a scroll of poison
 m - a scroll of immolation
 o - 2 scrolls of blinking
 p - 2 scrolls of butterflies {unknown}
 r - a scroll of enchant weapon {unknown}
 u - a scroll of fear {unknown}
 v - 6 scrolls of teleportation
 z - 3 scrolls of noise {unknown}
 E - 2 scrolls of amnesia {unknown}
 I - a scroll of brand weapon {unknown}
 J - a scroll of summoning {unknown}
Potions
 a - a potion of lignification
 b - 3 potions of mutation
 c - 4 potions of haste
 d - 3 potions of cancellation
 f - a potion of resistance
 i - 2 potions of flight
 k - a potion of might
 n - 2 potions of curing
 t - a potion of degeneration
Miscellaneous
 y - a phantom mirror


   Skills:
 + Level 8.2 Fighting
 + Level 7.1 Dodging
 + Level 8.1 Unarmed Combat
 + Level 7.1 Spellcasting
 + Level 7.7 Transmutations
 - Level 3.2 Ice Magic
 + Level 7.8 Invocations


You had 8 spell levels left.
You knew the following spells:

 Your Spells              Type           Power      Damage    Failure   Level
a - Beastly Appendage     Tmut           64%        N/A       1%          1
b - Wereblood             Tmut           32%        N/A       1%          2
c - Spider Form           Tmut/Pois      19%        N/A       7%          3
d - Ice Form              Ice/Tmut       24%        N/A       12%         4
e - Freeze                Ice            68%        1d8       3%          1
f - Blade Hands           Tmut           16%        N/A       13%         5

Your spell library contained the following spells:

 Spells                   Type           Power      Damage    Failure   Level
 Sting                    Tmut/Pois      76%        1d6       2%          1
 Frozen Ramparts          Ice            34%        1d6       9%          3
 Ignite Poison            Fire/Tmut/Pois 14%        N/A       12%         3
 Poisonous Vapours        Pois/Air       12%        N/A       17%         2
 Static Discharge         Conj/Air       6%         3-4/arc   17%         2
 Inner Flame              Hex/Fire       6%         N/A       34%         3
 Mephitic Cloud           Conj/Pois/Air  6%         N/A       34%         3
 Hailstorm                Conj/Ice       11%        3d5       50%         4
 Cause Fear               Hex            3%         N/A       75%         4
 Dispel Undead            Necr           6%         3d8       75%         4
 Olgreb's Toxic Radiance  Pois           6%         N/A       75%         4
 Sticky Flame             Conj/Fire      6%         2d3       75%         4
 Freezing Cloud           Conj/Ice/Air   4%         6-21      90%         5
 Iron Shot                Conj/Erth      3%         9d2       100%        6
 Discord                  Hex            3%         N/A       100%        8
 Animate Armour           Summ/Erth      Unusable   N/A       N/A         4

Dungeon Overview and Level Annotations

Branches:
Dungeon (12/15)            Temple (0/1) D:6            Lair (0/5) D:10
    Orc (0/2) D:9           Sewer (visited)

Altars:
Cheibriados
Elyvilon
Hepliaklqana
Kikubaaqudgha
Nemelex Xobeh
Okawaru
Qazlal
Ru
Sif Muna
Trog
Uskayaw
Xom
Yredelemnul
Zin
The Shining One

Shops:
D:7 **


Innate Abilities, Weirdness & Mutations

You can spit globs of acid.
Your golden yellow scales are hard. (AC +7)
You cannot fit into any form of body armour.
You are cold-blooded and may be slowed by cold attacks.
You are resistant to acid. (rCorr)


Message History

You spit a glob of acid.
The glob of acid misses the electric eel.
The electric eel shoots out a bolt of lightning at you!
The bolt of electricity hits you.
Unknown command.
Unknown command.
An electric eel comes into view.
The electric eel shoots out a bolt of lightning at you!
The bolt of electricity hits you! The water elemental closely misses you.
The electric eel shoots out a bolt of lightning at you!
The bolt of electricity hits you!
You see here a potion of heal wounds.
K - a potion of heal wounds The electric eel shoots out a bolt of lightning at you!
The bolt of electricity hits the electric eel.
The electric eel completely resists.
The bolt of electricity hits you!
The electric eel shoots out a bolt of lightning at you!
The bolt of electricity hits you! The water elemental hits you!
* * * LOW HITPOINT WARNING * * *
The water elemental engulfs you in water!
You cannot read scrolls while unable to breathe!
Unknown command.
You feel much better.
Your lungs strain for air!
The electric eel shoots out a bolt of lightning at you!
The bolt of electricity hits the electric eel.
The electric eel completely resists.
The bolt of electricity misses you.
The electric eel shoots out a bolt of lightning at you!
The bolt of electricity hits you.
* * * LOW HITPOINT WARNING * * *
The electric eel shoots out a bolt of lightning at you!
The bolt of electricity misses you. The water elemental hits you!
* * * LOW HITPOINT WARNING * * *
You slip free of the water engulfing you.
* * * LOW HITPOINT WARNING * * *
Your lungs strain for air!
The electric eel shoots out a bolt of lightning at you!
The bolt of electricity hits the water elemental.
The water elemental resists.
The bolt of electricity hits you!
You die...

##~~~~~#≈≈.~≈≈#.....#
.......#..
#≈≈~≈≈≈≈~.≈≈≈#.....#
.......<..
#≈≈≈≈≈≈≈~.~≈≈#######
..........
###~~~~≈~~≈.~~~#
#.#####...
............~≈≈# #.#~
....~~...~~~≈≈≈# #.~≈
....~~≈≈.~≈≈≈≈≈# #.~~
....#≈≈~.#≈≈≈≈≈########
+..≈≈
....##~#'##≈≈≈≈~@.....# #.
####≈
....#.....~≈≈≈≈~.E....#≈~#
##
...##.....#≈≈≈≈≈......~≈≈≈
..
...##.....##≈~~#......≈≈≈≈
..
.........####......#S~~≈≈≈
##........# #......~≈~~≈≈≈
.#......#.# #......~~≈S≈≈≈
.#......#.###...#~~~S≈≈≈≈≈
....................~≈≈≈≈≈


You could see a water elemental (wandering) and 3 electric eels.

Vanquished Creatures
  Fannar (D:10)
  2 two-headed ogres (D:12)
  Pikel (D:7)
  2 cyclopes (D:11)
  Joseph (D:7)
  3 trolls
  3 wyverns
  A water elemental (D:12)
  2 shadows
  15 yaks
  3 steam dragons
  3 vampire mosquitoes (D:10)
  An acid dragon (D:10)
  4 orc warriors
  A sky beast (D:7)
  An ice beast (D:6)
  3 black bears
  An ogre (D:5)
  A centaur (D:7)
  4 kobold brigands
  A necrophage (D:3)
  4 bullfrogs
  A gnoll sergeant (D:8)
  A scorpion (D:5)
  7 wights
  12 killer bees
  6 electric eels (D:8)
  3 howler monkeys
  7 orc priests
  Crazy Yiuf (D:3)
  4 iguanas
  Terence (D:3)
  9 orc wizards
  Natasha (thrice) (D:3)
  4 gnolls (D:8)
  12 adders
  3 river rats (D:5)
  A worm (D:2)
  27 orcs
  2 endoplasms (D:2)
  9 giant cockroaches
  5 goblins
  5 hobgoblins
  5 jackals
  9 quokkas
  11 ball pythons
  3 bats (D:2)
  11 frilled lizards
  27 kobolds
  2 rats
249 creatures vanquished.

Vanquished Creatures (others)
  An orc (D:8)
1 creature vanquished.

Grand Total: 250 creatures vanquished

Notes
Turn   | Place    | Note
-------+----------+-------------------------------------------
     0 | D:1      | runemasterragnar the Draconian Transmuter began the quest
                  | for the Orb.
     0 | D:1      | Reached XP level 1. HP: 16/16 MP: 3/3
    56 | D:1      | Reached XP level 2. HP: 9/23 MP: 3/5
    59 | D:1      | Learned a level 2 spell: Wereblood
   824 | D:3      | Reached XP level 3. HP: 29/29 MP: 4/6
   862 | D:3      | Noticed Natasha
   867 | D:3      | Killed Natasha
   920 | D:3      | Noticed Terence
   965 | D:2      | Reached XP level 4. HP: 35/36 MP: 5/7
  1142 | D:2      | Found a shimmering blue altar of Sif Muna.
  1158 | D:2      | Learned a level 3 spell: Spider Form
  1699 | D:2      | Became a worshipper of Sif Muna the Loreminder
  1758 | D:3      | Found a runed translucent door.
  1759 | D:3      | Noticed Crazy Yiuf
  1839 | D:3      | You fall into a shaft and drop 1 floor!
  2011 | D:3      | Killed Terence
  2162 | D:3      | Noticed Natasha
  2169 | D:3      | Killed Natasha
  2170 | D:3      | Reached XP level 5. HP: 42/42 MP: 5/9
  2281 | D:3      | Noticed Natasha
  2290 | D:3      | Killed Natasha
  2291 | D:3      | Reached skill level 1 in Invocations
  2665 | D:3      | Killed Crazy Yiuf
  2949 | D:3      | Reached XP level 6. HP: 43/50 MP: 8/10
  3763 | D:5      | Entered Level 5 of the Dungeon
  3808 | D:5      | Your scales start taking on a golden yellow colour.
  3808 | D:5      | Reached XP level 7. HP: 51/57 MP: 5/12
  3808 | D:5      | Gained mutation: You are resistant to acid. (rCorr) [Yellow
                  | Draconian growth]
  3817 | D:5      | Reached * piety under Sif Muna
  3826 | D:5      | Found a glowing drain.
  3837 | Sewer    | Entered a sewer
  3925 | Sewer    | Learned a level 4 spell: Ice Form
  3927 | Sewer    | Learned a level 1 spell: Freeze
  4152 | Sewer    | Reached skill level 1 in Ice Magic
  4735 | D:5      | Reached XP level 8. HP: 66/66 MP: 10/13
  5308 | D:6      | Found a basalt altar of Yredelemnul.
  5496 | D:6      | Found a shimmering altar of Xom.
  5743 | D:6      | Found a staircase to the Ecumenical Temple.
  5830 | D:6      | Found a glowing silver altar of Zin.
  5830 | D:6      | Noticed an angel
  5897 | D:6      | Reached skill level 5 in Unarmed Combat
  5946 | D:6      | Reached ** piety under Sif Muna
  6158 | D:6      | Found a hide-covered altar of Uskayaw.
  6414 | D:7      | Found a white marble altar of Elyvilon.
  6499 | D:7      | Noticed Pikel
  6525 | D:7      | Killed Pikel
  6529 | D:7      | Reached skill level 5 in Fighting
  6529 | D:7      | Reached XP level 9. HP: 22/74 MP: 13/16
  6656 | D:7      | Reached skill level 5 in Transmutations
  6669 | D:7      | Learned a level 5 spell: Blade Hands
  6812 | D:7      | Noticed Joseph
  7125 | D:7      | Killed Joseph
  7126 | D:7      | Reached skill level 5 in Spellcasting
  7491 | D:7      | Found Ykacsit's General Store.
  7494 | D:7      | Found Ofius's Specific Store.
  7566 | D:7      | Reached skill level 5 in Invocations
  7676 | D:7      | Found a glowing golden altar of the Shining One.
  7738 | D:7      | Reached skill level 5 in Dodging
  7895 | D:7      | Identified the +0 short sword of Tumult {drain, rC+ Str+2
                  | Int+3}
  9461 | D:8      | Found an iron altar of Okawaru.
  9922 | D:8      | Reached *** piety under Sif Muna
 10107 | D:8      | Found a sparkling altar of Nemelex Xobeh.
 10392 | D:8      | Found an ancient bone altar of Kikubaaqudgha.
 10501 | D:8      | Reached XP level 10. HP: 20/82 MP: 14/18
 11020 | D:9      | Found a stormy altar of Qazlal.
 11020 | D:9      | Found a bloodstained altar of Trog.
 11507 | D:9      | Found a staircase to the Orcish Mines.
 12253 | D:9      | Reached **** piety under Sif Muna
 12544 | D:9      | Found a hazy altar of Hepliaklqana.
 12614 | D:10     | Entered Level 10 of the Dungeon
 12614 | D:10     | Found a staircase to the Lair.
 12907 | D:10     | Found a snail-covered altar of Cheibriados.
 12979 | D:10     | Reached XP level 11. HP: 70/92 MP: 15/20
 13078 | D:10     | Noticed Fannar
 13098 | D:10     | Killed Fannar
 13452 | D:10     | Found a sacrificial altar of Ru.
 14730 | D:12     | Noticed a two-headed ogre
 14734 | D:12     | Killed a two-headed ogre
 14987 | D:12     | Noticed a two-headed ogre
 15001 | D:12     | Killed a two-headed ogre
 15186 | D:12     | Killed from afar by an electric eel

Illustrated notes

Levels and vault maps discovered:
D:1:      elethiomel_arrival_shortcut, layout_loops_corners,
          ebering_ecumenical_altar_petrified
D:2:      layout_loops_ring, basic_altar, nicolae_figureground_sparkle
D:3:      layout_loops_ring, minmay_surrounded, uniq_terence,
          uniq_crazy_yiuf_cottage, uniq_natasha
D:4:      layout_rooms, minivault_27
D:5:      layout_basic, serial_rivers, chequers_serial_rivers_micro_a,
          chequers_serial_rivers_micro_b, chequers_serial_rivers_large_a,
          chequers_serial_rivers_micro_b, chequers_serial_rivers_small_3,
          portal_sewer_entry_e, grunt_decor_clamped
D:6:      layout_loops_ring, eat_drink_and_be_merry_uskayaw,
          yredelemnul_altar_generic, zin_angel, kennysheep_mini,
          minmay_temple_entry_nine_rooms, grunt_ministairs_7
D:7:      layout_basic, tso_altar, elyvilon_altar_5, nicolae_specific_store,
          uniq_pikel, uniq_joseph
D:8:      layout_gridville, nemelex_diamond_rough_becter,
          mainiacjoe_overflow_24_doors, kiku_gazebo_garden_becter,
          kennysheep_boxes
D:9:      layout_long_grid, nicolae_hepliaklqana_hippocampus,
          gammafunk_temple_overflow_pools, orc_0_dummy
D:10:     layout_irregular_city, mainiacjoe_overflow_alcove_2,
          nicolae_overflow_crystal_walls, lair_entry_dummy, uniq_fannar
D:11:     layout_irregular_city
D:12:     layout_basic, nicolae_danse_macabre

Skill      XL: |  1  2  3  4  5  6  7  8  9 10 11 |
---------------+----------------------------------+-----
Dodging        | 2 3 4 5 6 7 |  7.1
Fighting       | 2 3 4 5 6 7 8 |  8.2
Transmutations | 3 4 6 7 |  7.7
Invocations    | 1 2 3 4 5 7 |  7.8
Spellcasting   | 3 4 5 6 7 |  7.1
Unarmed Combat | 4 5 6 7 8 |  8.1
Ice Magic      | 2 3 |  3.2

Action                   |  1- 3 |  4- 6 |  7- 9 | 10-12 || total
-------------------------+-------+-------+-------+-------++-------
Melee: Unarmed           |    60 |   134 |   348 |   192 ||   734
       Kick              |    12 |    25 |    28 |     6 ||    71
       Tailslap          |     5 |    14 |    26 |    34 ||    79
       Headbutt          |     9 |    15 |    21 |     3 ||    48
       Punch             |       |     4 |     8 |     9 ||    21
 Cast: Beastly Appendage |    13 |    27 |    20 |     3 ||    63
       Spider Form       |       |     6 |    15 |     1 ||    22
       Wereblood         |       |     3 |    15 |    11 ||    29
       Freeze            |       |       |     1 |       ||     1
       Ice Form          |       |       |     7 |     2 ||     9
       Blade Hands       |       |       |     4 |    21 ||    25
 Abil: Breathe Acid      |       |       |     9 |    16 ||    25
       End Transformatio |       |       |     3 |       ||     3
Evoke: Wand              |       |     4 |     6 |     1 ||    11
  Use: Scroll            |       |     4 |     6 |     1 ||    11
       Potion            |       |       |     8 |     2 ||    10
 Stab: Paralysed         |       |       |     2 |     4 ||     6
Armor: Skin              |    21 |    37 |   105 |    37 ||   200
Dodge: Dodged            |    34 |    86 |   320 |   107 ||   547
